 Dungeon Crawl Stone Soup version 0.31.0-32-g396128a36d (webtiles) character file.

Game seed: 10548324105315428189

512 Destapler the Ruffian (level 6, -7/47 (48) HPs)
             Began as a Demonspawn Shapeshifter on Mar 16, 2024.
             Killed by divine providence
             ... invoked by an orc priest
              (10 damage)
             ... on level 4 of the Dungeon on Mar 17, 2024.
             The game lasted 00:08:10 (3021 turns).

Destapler the Ruffian (Demonspawn Shapeshifter)     Turns: 3021, Time: 00:08:11

HP:   -7/47 (48)    AC:  6    Str: 15      XL:     6   Next: 99%
MP:   6/6           EV: 12    Int:  9 (10) God:
Gold: 116           SH:  0    Dex: 18 (20) Spells: 5/5 levels left

rFire   . .          .
                       - Unarmed
rCold   . . .        (no shield)
rNeg    + . .        m - +0 ring mail
rPois   .            l - melded +0 helmet
rElec   .            (cloak currently unavailable)
rCorr   .            (gloves currently unavailable)
SInv    .            (boots currently unavailable)
Will    .....        (no amulet)
Stlth   +            i - ring of positive energy
HPRegen 0.27/turn    k - +6 ring of dexterity
MPRegen 0.20/turn

%: no passive effects
@: beast-form, lightly drained
A: beast (slay +2), magic regeneration, sharp scales 1, mutation resistance 1
a: Begin Untransformation


You were on level 4 of the Dungeon.
You were a hulking beast.
You visited 1 branch of the dungeon, and saw 4 of its levels.

You collected 116 gold pieces.

Inventory:

Armour
 a - a +0 scale mail
 l - a +0 helmet (melded)
 m - a +0 ring mail (worn)
Jewellery
 i - a ring of positive energy (left hand)
 j - a ring of magical power
 k - a +6 ring of dexterity (right hand)
Talismans
 c - a beast talisman (active)
 d - a flux talisman
Wands
 b - a wand of flame (11)
Scrolls
 f - a scroll of identify {unknown}
 g - a scroll of noise {unknown}
 h - 2 scrolls of teleportation {unknown}


   Skills:
 + Level 3.6 Fighting
 + Level 3.6 Dodging
 + Level 4.3 Unarmed Combat
 + Level 4.0 Shapeshifting


You had 5 spell levels left.
You didn't know any spells.
Your spell library contained the following spells:

 Spells                   Type           Power      Damage    Failure   Level
 Sandblast                Erth           0%         2d4       63%         1
 Cigotuvi's Dreadful Rot  Necr/Alch/Air  0%         N/A       77%         2
 Passwall                 Erth           0%         N/A       94%         3
 Stone Arrow              Conj/Erth      0%         3d7       94%         3
 Brom's Barrelling Bould  Conj/Erth      0%         2d3       100%        4
 Ignite Poison            Fire/Alch      0%         N/A       100%        4
 Freezing Cloud           Conj/Ice/Air   0%         6-21      100%        5


Dungeon Overview and Level Annotations

Branches:
Dungeon (4/15)
 Temple: D:4-7

Altars:
Uskayaw

Annotations:
D:3 3 runed translucent doors, zxspectator's ghost, amateur GrFi


Innate Abilities, Weirdness & Mutations

You are a hulking beast.
Your limbs bulge with bestial killing power. (Slay +2)
You regenerate magic rapidly.
You are partially covered in razor-sharp scales. (AC +1, Slay +1)
You are somewhat resistant to further mutation.


Message History

You hit the orc but do no damage.
The orc is heavily wounded.
The orc barely misses you.
You completely miss the orc.
The orc is heavily wounded.
The orc hits you with a +0 short sword.
* * * LOW HITPOINT WARNING * * *
You hit the orc.
You kill the orc!
You hit the kobold.
You kill the kobold!
You punch the orc priest!
The orc priest is heavily wounded.
You hit the orc priest.
The orc priest is severely wounded.
The orc priest hits you with a +0 falchion.
* * * LOW HITPOINT WARNING * * *
You are too injured to fight recklessly!
You are too injured to fight recklessly!
You are too injured to fight recklessly!
Unknown command.
The orc priest closely misses you. The orc attacks as it pursues you!
The orc hits you with a +0 short sword.
* * * LOW HITPOINT WARNING * * *
You are too injured to fight recklessly!
You are too injured to fight recklessly!
You are too injured to fight recklessly!
You are too injured to fight recklessly!
You are too injured to fight recklessly!
You punch the orc!
You kill the orc!
You barely miss the orc. The orc hits you but does no damage.
You barely miss the orc. The orc barely misses you.
You punch the orc!
You kill the orc!
You hit the orc but do no damage. The orc barely misses you.
You hit the orc but do no damage.
The orc priest mumbles some strange prayers to Beogh against you.
Beogh smites you!
You die...

#.##.#.###.##. #...)..#
####.### ####)###
#...)..#
#.##.#.##.##.#.##
#.#...o##.......#
#.#..#o##.......#
##.#.##h##.......# #..
#.......##.......# #.#
#.##.##.##.......# #.#
#.##.##.##.......# #.#
#.#..##.##.......###.###
#.#.###........####.....
#.#.###..#####.# #.#..<
#........##.##.####.....
##.#.......#.......####.


You could see an orc priest and an orc.

Vanquished Creatures
  Sigmund (D:4)
  A phantom (D:3)
  Blork the orc (D:4)
  A scorpion (D:4)
  Terence (D:2)
  5 adders
  2 dart slugs
  6 orcs
  8 ball pythons
  A bat (D:1)
  8 endoplasms
  4 giant cockroaches (D:1)
  5 goblins
  4 hobgoblins
  3 jackals (D:3)
  7 kobolds
  3 quokkas
  4 frilled lizards
  5 rats
70 creatures vanquished.

Notes
Turn   | Place    | Note
-------+----------+-------------------------------------------
     0 | D:1      | Destapler the Demonspawn Shapeshifter began the quest for
                  | the Orb.
     0 | D:1      | Reached XP level 1. HP: 15/15 MP: 1/1
   178 | D:1      | Gained mutation: You are partially covered in razor-sharp
                  | scales. (AC +1, Slay +1) [demonic ancestry]
   178 | D:1      | Reached XP level 2. HP: 18/21 MP: 2/2
   606 | D:1      | Reached XP level 3. HP: 20/26 MP: 3/3
   969 | D:2      | Noticed Terence
   977 | D:2      | Killed Terence
  1180 | D:2      | Gained mutation: You regenerate magic rapidly. [demonic
                  | ancestry]
  1180 | D:2      | Reached XP level 4. HP: 22/33 MP: 4/4
  1916 | D:3      | Found a faded altar of an unknown god.
  2089 | D:3      | Found a runed translucent gate.
  2092 | D:3      | Found a hide-covered altar of Uskayaw.
  2092 | D:3      | Found a runed translucent gate.
  2092 | D:3      | Found a runed translucent gate.
  2093 | D:3      | Noticed zxspectator's ghost (amateur GrFi)
  2095 | D:3      | Noticed a kobold brigand
  2334 | D:3      | Reached XP level 5. HP: 37/39 MP: 5/5
  2498 | D:3      | Noticed a phantom
  2510 | D:3      | Killed a phantom
  2782 | D:4      | Noticed Sigmund
  2799 | D:4      | Gained mutation: You are somewhat resistant to further
                  | mutation. [potion of mutation]
  2815 | D:4      | Reached XP level 6. HP: 9/47 MP: 6/6
  2818 | D:4      | Killed Sigmund
  2982 | D:4      | Noticed Blork the orc
  3004 | D:4      | Killed Blork the orc
  3011 | D:4      | HP: 1/47 [orc priest/+0 falchion (5)]
  3021 | D:4      | Killed from afar by an orc priest

Illustrated notes

Levels and vault maps discovered:
D:1:      wander_arrival_desolate, layout_rooms, roderic_lattice_a,
          minmay_statues_item, bh_walls_and_bars
D:2:      layout_rooms, kennysheep_generic_room_2, uniq_terence
D:3:      layout_loops_ring, mainiacjoe_overflow_concentric_impassable,
          gammafunk_ghost_nasty_kobolds, shapermc_ecumenical_altar_acropolis
D:4:      layout_loops_cross, mainiacjoe_overflow_paths, marbit_many_paths,
          uniq_sigmund, uniq_blork_the_orc

Skill      XL: |  1  2  3  4  5  6 |
---------------+-------------------+-----
Dodging        | 2 3 |  3.6
Unarmed Combat | 3 4 |  4.3
Shapeshifting  | 3 4 |  4.0
Fighting       | 2 3 |  3.6

Action                     |  1- 3 |  4- 6 || total
---------------------------+-------+-------++-------
  Melee: Unarmed           |    80 |   167 ||   247
         Punch             |     1 |     4 ||     5
Ability: Begin Untransform |       |     1 ||     1
  Evoke: Wand              |       |     1 ||     1
    Use: Potion            |     1 |     3 ||     4
   Stab: Sleeping          |     1 |     1 ||     2
 Armour: Animal skin       |    35 |    24 ||    59
         Skin              |     3 |       ||     3
         Ring mail         |       |    72 ||    72
  Dodge: Dodged            |    37 |    65 ||   102
   Form: Beast             |       |     1 ||     1
